 Dungeon Crawl Stone Soup version 0.29-a0-275-g389c0b56f3 (webtiles) character file.

Game seed: 7090434021522762138

193 Ajdolov the Slinger (level 5, -4/25 HPs)
             Began as a Spriggan Hunter on Mar 10, 2022.
             Killed from afar by an orc wizard (8 damage)
             ... with a puff of flame
             ... on level 3 of the Dungeon.
             The game lasted 00:06:15 (4043 turns).

Ajdolov the Slinger (Spriggan Hunter)               Turns: 4043, Time: 00:06:15

Health: -4/25      AC:  3    Str:  8    XL:     5   Next: 44%
Magic:  6/6        EV: 17    Int: 13    God:
Gold:   1000       SH:  0    Dex: 17    Spells: 4/4 levels left

rFire   . . .      SeeInvis +   a - +1 hunting sling
rCold   . . .      Faith    .   (no shield)
rNeg    . . .      Spirit   .   b - +0 robe
rPois   .          Reflect  .   (helmet restricted)
rElec   .          Harm     .   d - +0 cloak
rCorr   .          Rampage  .   (gloves unavailable)
Will    .....                   (boots unavailable)
Stlth   ++........              (no amulet)
HPRegen 0.08/turn               (no ring)
MPRegen 0.10/turn               (no ring)

@: very quick
A: very small, no large weapons, unfitting armour, see invisible, speed 3
a: no special abilities


You were on level 3 of the Dungeon.
You visited 1 branch of the dungeon, and saw 4 of its levels.

You collected 1026 gold pieces.
You spent 26 gold pieces at shops.

Inventory:

Hand Weapons
 a - a +1 hunting sling (weapon)
Armour
 b - a +0 robe (worn)
 d - a +0 cloak (worn)
Jewellery
 e - a ring of wizardry
 i - an amulet of magic regeneration
Wands
 j - a wand of iceblast (14)
Scrolls
 c - 2 scrolls of immolation
 g - a scroll of teleportation {unknown}
 h - a scroll of fog {unknown}
 k - a scroll of vulnerability
 m - a scroll of brand weapon {unknown}
Potions
 f - 2 potions of curing
 l - a potion of mutation


   Skills:
 - Level 1.5 Fighting
 * Level 8.2 Slings
 - Level 2.6 Dodging
 - Level 1.5 Stealth


You had 4 spell levels left.
You didn't know any spells.
Your spell library contained the following spells:

 Spells                   Type           Power      Damage    Failure   Level
 Frozen Ramparts          Ice            0%         1d2       67%         3
 Ice Form                 Ice/Tmut       0%         N/A       97%         4
 Summon Ice Beast         Ice/Summ       0%         N/A       97%         4


Dungeon Overview and Level Annotations

Branches:
Dungeon (4/15)
 Temple: D:4-7

Altars:
Makhleb
Ru

Shops:
D:3 ?:*[

Annotations:
D:2 Sigmund


Innate Abilities, Weirdness & Mutations

You are very small and have problems with some larger weapons.
You are too small for most types of armour.
You have supernaturally acute eyesight. (SInv)
You cover ground extremely quickly. (Speed+++)


Message History

The orc wizard points at you and mumbles some strange words.
The puff of flame hits you!
You shoot a sling bullet.
The sling bullet barely misses the orc wizard.
You shoot a sling bullet.
The sling bullet hits the orc wizard but does no damage.
The orc wizard is moderately wounded.
You shoot a sling bullet.
The sling bullet closely misses the orc wizard.
You start resting.
An orc wizard is nearby!
You shoot a sling bullet. The sling bullet hits the orc wizard.
The orc wizard is heavily wounded.
You shoot a sling bullet.
The sling bullet barely misses the orc wizard.
You shoot a sling bullet. The sling bullet hits the orc wizard.
The orc wizard is severely wounded.
You shoot a sling bullet.
The sling bullet closely misses the orc wizard.
You shoot a sling bullet. The sling bullet hits the orc wizard.
The orc wizard is severely wounded.
The orc wizard points at you and mumbles some strange words.
The magic dart hits you. The orc wizard casts a spell at you.
You are confused.
You are too confused!
Non-targeted confused fire: a) +1 hunting sling
Press: ? - help, Q - select action, (/) - cycle Dir - look around, f - activate You shoot a sling bullet.
The sling bullet completely misses you.
The orc wizard points at you and mumbles some strange words.
You easily resist.
Unknown command.
You bump into the granite statue.
The orc wizard gestures at you while chanting.
The puff of flame hits you!
* * * LOW HITPOINT WARNING * * *
You feel less confused. The orc wizard casts a spell at you.
The puff of flame hits you!
You die...

#..###)..## ##.##.######....##
#.##......####.............###
#.##...........#..#####..#.#
##.##....).######..#####.##.##
##..#........# #..##....##..#
...##.#.##.#.#####..#..######.#
<####.#.##......##..#.## #.###
.#....#.###...#.##.#..# #....
o#.####.# ###.#.@....## ####.
........# #.#..8...##### ##
.#.###..#####...#........# #
...###.....##..8.∩.8.###.#
.####......o.....<##.)##.#
.###...###.##.##.8###.##.##
..##.#.###..#.#...# #.##..#
.....#.#......#.### #..##.#
................######.##.#######


You could see an orc wizard.

Vanquished Creatures
  An ogre (D:4)
  An iguana (D:4)
  2 adders
  A dart slug (D:1)
  5 orcs (D:4)
  7 ball pythons
  7 endoplasms
  A giant cockroach (D:3)
  9 goblins
  3 hobgoblins
  7 kobolds
  3 quokkas
  5 bats
  2 frilled lizards
  4 rats
58 creatures vanquished.

Notes
Turn   | Place    | Note
-------+----------+-------------------------------------------
     0 | D:1      | Ajdolov the Spriggan Hunter began the quest for the Orb.
     0 | D:1      | Reached XP level 1. HP: 10/10 MP: 2/2
    94 | D:1      | Reached skill level 5 in Slings
   243 | D:1      | Reached XP level 2. HP: 14/14 MP: 3/3
   614 | D:1      | Found a faded altar of an unknown god.
  1081 | D:2      | Reached skill level 6 in Slings
  1095 | D:2      | Found a sacrificial altar of Ru.
  1105 | D:2      | Reached XP level 3. HP: 13/18 MP: 4/4
  1241 | D:2      | Noticed Sigmund
  2403 | D:3      | Found Buagoffo's Armour Boutique.
  2434 | D:3      | Found Mazaykk's Assorted Antiques.
  2453 | D:3      | Found Luck's Magic Scroll Shop.
  2459 | D:3      | Found Foetuhum's Book Shop.
  2464 | D:3      | Bought a scroll of identify for 26 gold pieces
  2701 | D:3      | Identified a scroll of acquirement
  2702 | D:3      | Acquired 878 gold pieces
  3045 | D:4      | Found a burning altar of Makhleb.
  3077 | D:4      | Reached XP level 4. HP: 22/22 MP: 5/5
  3120 | D:4      | Reached skill level 7 in Slings
  3596 | D:4      | Noticed an ogre
  3616 | D:4      | Killed an ogre
  3617 | D:4      | Reached skill level 8 in Slings
  3617 | D:4      | Reached XP level 5. HP: 25/25 MP: 6/6
  4043 | D:3      | Killed from afar by an orc wizard

Illustrated notes

Levels and vault maps discovered:
D:1:      sevenhm_arrival_forest_fort_large_4, layout_basic,
          shapermc_ecumenical_altar_mp_ritualfount
D:2:      layout_loops_ring, basic_altar, hangedman_decor_growths,
          chequers_serial_rivers_small_a, minivault_19, minmay_parallelograms,
          minmay_crystal_water, uniq_sigmund
D:3:      layout_rooms, serial_shops, nicolae_shop_advertising_works
          [nicolae_subvault_shop_adworks], shop, nicolae_shop_statue_plus,
          nicolae_shop_temple_entry_statues_fountains, minmay_door_square
D:4:      layout_rooms, mainiacjoe_overflow_tiny_flanked,
          minmay_temple_entry_sparse_star

Skill      XL: |  1  2  3  4 |
---------------+-------------+-----
Slings         | 5 6 8 |  8.2
Fighting       | |  1.5
Dodging        | |  2.6
Stealth        | |  1.5

Action                   |  1- 3 |  4- 6 || total
-------------------------+-------+-------++-------
 Fire: Hunting sling     |   139 |    85 ||   224
  Use: Scroll            |     5 |       ||     5
Armor: Robe              |     7 |     2 ||     9
Dodge: Dodged            |    35 |    25 ||    60

Table legend: (Time is in decaauts)
 A = Elapsed time spent in this place.
 B = Non-inter-level travel time spent in this place.
 C = Inter-level travel time spent in this place.
 D = Time resting spent in this place.
 E = Time spent auto-exploring this place.
 F = Levels seen in this place.
 G = Mean time per level.
                   A        B        C        D        E       F      G
               +--------+--------+--------+--------+--------+-----+--------+
         Total |   3114 |   2964 |    150 |   1129 |   1240 |   4 |  778.5 |
       Dungeon |   3114 |   2964 |    150 |   1129 |   1240 |   4 |  778.5 |
               +--------+--------+--------+--------+--------+-----+--------+

Top non-repeatable levels by time:
     D:1: 1344 daAuts
     D:3: 912 daAuts
     D:2: 487 daAuts
     D:4: 369 daAuts
